 Dungeon Crawl Stone Soup version 0.17-b1-36-g7b1967c (webtiles) character file.

138 dor the Magician (level 5, -1/33 HPs)
             Began as a Spriggan Conjurer on Nov 6, 2015.
             Slain by a giant frog skeleton (4 damage)
             ... on level 5 of the Dungeon.
             The game lasted 00:17:30 (3163 turns).

dor the Magician (Spriggan Conjurer)                Turns: 3163, Time: 00:17:30

Health: -1/33      AC:  5    Str:  9      XL:     5   Next: 1%
Magic:  1/11       EV: 19    Int: 13 (17) God:
Gold:   124        SH:  0    Dex: 17      Spells: 2 memorised, 8 levels left

rFire  + . .     SeeInvis +     k - wand of frost (14)
rCold  x . .     Clarity  .     a - +1 robe
rNeg   + . .     SustAt   .     (shield restricted)
rPois  .         Gourm    .     p - +2 hat
rElec  .         Spirit   .     (no cloak)
rCorr  .         Warding  +     (gloves unavailable)
rMut   .         Stasis   .     (boots unavailable)
MR     .....                    d - amulet of warding
Stlth  ..........               (no ring)
                                q - ring of fire

@: mighty, berserking, flying, very quick, not resistant to hostile
enchantments, extremely unstealthy
A: unfitting armour, see invisible, herbivore 3, speed 3, frail 1, low mp 1,
slow regeneration 1, slow metabolism 2
a: no special abilities


You were on level 5 of the Dungeon.
You were not hungry.

You visited 1 branch of the dungeon, and saw 4 of its levels.

You collected 124 gold pieces.

Inventory:

Armour
 a - a +1 robe (worn)
 p - a +2 hat (worn)
Jewellery
 d - an amulet of warding (around neck)
 q - a ring of fire (left hand)
Wands
 k - a wand of frost (14) (in hand)
Scrolls
 g - a scroll of enchant armour
 u - a scroll of amnesia
Potions
 e - a potion of curing
 s - a potion of poison {unknown}
Books
 b - a book of Conjurations

   Spells                             Type                      Level
   a - Magic Dart                     Conjuration                  1
   b - Searing Ray                    Conjuration                  2
   c - Dazzling Spray                 Conjuration/Hexes            3
   d - Fulminant Prism                Conjuration/Hexes            4
   e - Iskenderun's Mystic Blast      Conjuration                  4
   f - Iskenderun's Battlesphere      Conjuration/Charms           5
Comestibles
 c - 3 bread rations
 f - a royal jelly
 n - a fruit


   Skills:
 + Level 0.4 Fighting
 + Level 3.4 Dodging
 + Level 3.6 Stealth
 + Level 4.3 Spellcasting
 + Level 3.9 Conjurations
 + Level 0.6 Evocations


You had 8 spell levels left.
You knew the following spells:

 Your Spells              Type           Power        Failure   Level  Hunger
a - Magic Dart            Conj           ##..         6%          1    None
b - Dazzling Spray        Conj/Hex       #.......     28%         3    ###....


Dungeon Overview and Level Annotations

Branches:
Dungeon (5/15)
 Temple: D:4-7

Altars:
Okawaru


Innate Abilities, Weirdness & Mutations

You are tiny and cannot use many weapons and most armour.
You have supernaturally acute eyesight.
You are a herbivore.
You cover ground extremely quickly.
You need consume almost no food.
You are frail (-10% HP).
Your magical capacity is low (-10% MP).
You regenerate slowly when monsters are visible.


Message History

The centaur is severely wounded.
The centaur misses you.
The giant frog skeleton completely misses you.
The centaur closely misses you. The giant frog skeleton misses you.
Casting: Magic Dart
Confirm with . or Enter, or press ? or * to list all spells.
Aiming: Magic Dart
Press: ? - help, Shift-Dir - straight line, f/p - centaur
Aim: a centaur (severely wounded)
The magic dart hits the centaur.
The centaur is almost dead.
The centaur misses you. The giant frog skeleton hits you.
* * * LOW HITPOINT WARNING * * *
The centaur completely misses you.
Drink which item? (? for menu, Esc to quit)
It was a potion of berserk rage.
A red film seems to cover your vision as you go berserk!
You feel yourself moving faster!
You feel mighty! The giant frog skeleton hits you.
You die...

#.######### #
#..^......#
#..#######.##
.#
#$..Z@c.#..#
.#####
#..####.#.##
##...... #
#.#.#
........
#.#.#
#..#....
#.#.# #...>.
#####.#.#
#..### #
#.....#.#
.....#..#
#.###.#.#
#.......# #.#
###.#


You could see a centaur and a giant frog skeleton.

Vanquished Creatures
  An ogre (D:5)
  2 shadow imps (D:5)
  An ooze (D:1)
  2 giant geckos
  An orc (D:2)
  5 bats
  8 hobgoblins
  5 giant newts
  8 goblins
  5 kobolds
  3 rats
41 creatures vanquished.

Notes
Turn   | Place    | Note
--------------------------------------------------------------
     0 | D:1      | dor the Spriggan Conjurer began the quest for the Orb.
     0 | D:1      | Reached XP level 1. HP: 9/9 MP: 5/5
   289 | D:1      | Reached XP level 2. HP: 13/13 MP: 2/6
  1120 | D:2      | Reached XP level 3. HP: 16/16 MP: 6/8
  1990 | D:3      | Learned a level 3 spell: Dazzling Spray
  2085 | D:3      | Found an iron altar of Okawaru.
  2659 | D:3      | You fall through a shaft for 2 floors!
  2659 | D:5      | Entered Level 5 of the Dungeon
  2960 | D:5      | Noticed an ogre
  2962 | D:5      | Noticed a centaur
  3000 | D:5      | Killed an ogre
  3000 | D:5      | Reached skill level 4 in Spellcasting
  3000 | D:5      | Reached XP level 4. HP: 19/21 MP: 0/11
  3000 | D:5      | Reached XP level 5. HP: 22/25 MP: 0/12
  3032 | D:5      | Gained mutation: You regenerate slowly when monsters are visible. [potion of mutation]
  3032 | D:5      | Gained mutation: Your magical capacity is low (-10% MP). [potion of mutation]
  3032 | D:5      | Gained mutation: You are frail (-10% HP). [potion of mutation]
  3163 | D:5      | Slain by a giant frog skeleton

Action                   |  1- 3 |  4- 6 || total
-------------------------+-------+-------++-------
Melee: Unarmed           |     2 |       ||     2
 Cast: Magic Dart        |   102 |    10 ||   112
       Dazzling Spray    |     3 |     1 ||     4
Evoke: Wand              |     4 |     1 ||     5
  Use: Scroll            |     6 |     3 ||     9
       Potion            |       |    10 ||    10
 Stab: Invisible         |     2 |       ||     2
